Map: Ley Lines

Players

MaxPax

  • Race: Protoss Protoss
  • League: Master
  • Spawn Location: 1:00

LiquidClem (Clem) - Winner!

  • Race: Terran Terran
  • League: Grandmaster
  • Spawn Location: 7:00

VOD

Have the link to the VOD?

Description

Time

  • Played on: June 17, 2025, 10:17 p.m.
  • Length: 11:17
Show
View Real Time Build Order
Export as new Build Order

MaxPax Protoss 

Build Orders: 1 Gate Expand, Blink Stalkers 

Get SALT Encoding   

  12  0:00  Probe  
  13  0:12  Probe  
  14  0:16  Pylon  
  14  0:22  Probe  
  15  0:30  Probe  
  16  0:36  Gateway  
  16  0:39  Probe  
  16  0:44  Assimilator  
  17  0:50  Probe  
  18  1:03  Probe  
  19  1:15  Probe  
  20  1:22  Cybernetics Core  
  20  1:31  Nexus  
  20  1:33  Probe  
  20  1:39  Pylon  
  21  1:45  Probe  
  22  1:47  Assimilator  
  22  1:48  Adept  
  22  1:57  Probe  
  22  2:00  Warp Gate  
  25  2:08  Adept  
  25  2:09  Probe  
  26  2:21  Probe  
  29  2:26  Twilight Council  
  29  2:33  Probe  
  30  2:39  Stalker  
  30  2:43  Blink  
  32  2:45  Probe  
  32  2:46  Probe  
  34  2:57  Probe  
  34  2:58  Probe  
  36  3:00  Gateway  
  36  3:09  Probe  
  36  3:10  Probe  
  36  3:21  Robotics Facility, Probe  
  36  3:23  Probe  
  36  3:26  Gateway  
  38  3:32  Pylon  
  39  3:38  Gateway  
  39  3:39  Pylon, Probe  
  39  3:41  Probe  
  40  3:51  Probe  
  40  3:53  Probe  
  40  3:55  Stalker  
  42  3:56  Stalker  
  43  4:03  Probe  
  43  4:05  Probe  
  43  4:06  Pylon  
  45  4:16  Probe  
  46  4:22  Pylon  
  46  4:24  Probe, Warp Prism  
  46  4:25  Stalker  
  46  4:26  Stalker  
  53  4:43  Stalker  
  52  4:50  Probe x2  
  52  5:00  Observer  
  52  5:02  Stalker x2  
  52  5:05  Pylon  
  57  5:20  Probe  
  58  5:23  Stalker  
  58  5:25  Stalker x2  
  64  5:31  Pylon  
  60  5:48  Stalker x3  
  62  5:52  Nexus  
  62  5:56  Probe x2  
  64  6:00  Observer  
  62  6:06  Probe  
  62  6:07  Observer  
  62  6:08  Probe  
  61  6:15  Probe  
  54  6:20  Stalker x3, Probe  
  54  6:21  Shield Battery  
  54  6:23  Probe  
  62  6:29  Charge  
  62  6:32  Probe  
  63  6:34  Probe  
  63  6:39  Shield Battery  
  62  6:44  Probe, Shield Battery  
  62  6:46  Probe  
  64  6:48  Forge  
  65  6:57  Probe  
  65  6:58  Stalker  
  65  7:00  Stalker x2  
  71  7:02  Probe  
  71  7:05  Probe  
  71  7:08  Probe  
  73  7:10  Probe  
  73  7:14  Observer  
  76  7:17  Probe  
  76  7:19  Gateway  
  76  7:20  Gateway x2  
  77  7:24  Probe x2  
  77  7:27  Probe  
  80  7:31  Sentry  
  80  7:35  Protoss Ground Weapons Level 1  
  80  7:36  Probe  
  83  7:38  Gateway  
  83  7:41  Probe  
  83  7:42  Gateway, Probe  
  85  7:44  Pylon  
  85  7:48  Probe  
  85  7:49  Assimilator  
  86  7:53  Probe  
  86  7:54  Observer, Probe  
  86  7:55  Observer  
  86  7:57  Pylon  
  88  7:58  Observer  
  88  7:59  Immortal, Assimilator  
  88  8:00  Pylon, Zealot  
  88  8:01  Probe, Zealot  
  93  8:07  Probe  
  98  8:14  Probe  
  98  8:16  Probe  
  99  8:26  Zealot x6  
  111  8:31  Pylon  
  111  8:35  Robotics Bay  
  111  8:40  Pylon  
  111  8:43  Zealot x2  
  111  8:46  Pylon  
  111  8:47  Sentry  
  117  8:51  Zealot x2  
  117  8:52  Zealot x2  
  119  9:00  Zealot  
  119  9:10  Colossus  
  117  9:17  Zealot x7  
  125  9:27  Zealot  
  123  9:32  Extended Thermal Lance  
  123  9:36  Nexus  
  115  9:46  Stalker x5  
  123  9:53  Stalker, Zealot x2  
  123  9:56  Colossus  
  123  9:58  Probe x3  
  128  10:10  Probe  
  135  10:15  Probe  
  135  10:16  Probe  
  135  10:18  Stalker  
  139  10:22  Probe  
  139  10:26  Zealot x5  
  136  10:29  Archon  
  136  10:30  Stalker  
  136  10:34  Stalker  
  126  10:45  Zealot  
  126  10:47  Zealot x5  
  112  10:58  Zealot x2  
Show
View Real Time Build Order
Export as new Build Order

LiquidClem Terran - Winner!

Build Orders:  

Get SALT Encoding   

  12  0:00  SCV  
  13  0:12  SCV  
  14  0:16  Supply Depot  
  14  0:24  SCV  
  15  0:38  SCV  
  15  0:40  Barracks  
  15  0:42  Refinery  
  16  0:50  SCV  
  16  0:52  Refinery  
  17  1:02  SCV  
  18  1:14  SCV  
  19  1:26  Reaper  
  19  1:27  Orbital Command  
  20  1:40  Factory  
  20  1:44  Supply Depot  
  20  1:52  SCV  
  21  1:59  Reaper  
  22  2:04  SCV  
  23  2:16  Command Center  
  23  2:17  SCV  
  24  2:23  Hellion  
  26  2:31  Reaper, SCV  
  26  2:33  Supply Depot  
  28  2:43  SCV  
  29  2:44  Hellion  
  29  2:49  Starport  
  31  2:55  SCV  
  32  3:03  Barracks Reactor  
  32  3:06  Widow Mine  
  32  3:07  SCV  
  35  3:19  SCV  
  36  3:26  Medivac  
  38  3:29  Barracks  
  38  3:31  SCV  
  39  3:35  Widow Mine, Orbital Command  
  39  3:40  Marine x2  
  43  3:43  Supply Depot  
  43  3:44  SCV  
  42  3:56  SCV  
  42  3:58  Marine x2  
  42  4:01  Starport Tech Lab, Factory Tech Lab  
  45  4:04  SCV  
  45  4:08  SCV, Bunker  
  47  4:16  SCV, Marine  
  49  4:17  Supply Depot, Marine  
  49  4:20  Siege Tank  
  49  4:21  SCV  
  54  4:26  Raven  
  54  4:29  SCV  
  54  4:31  Supply Depot  
  57  4:33  SCV  
  57  4:35  Marine x2  
  58  4:40  Marine  
  58  4:41  SCV  
  60  4:45  SCV  
  60  4:51  Barracks  
  57  4:53  Siege Tank  
  57  4:54  SCV  
  57  4:55  Marine x2  
  57  4:58  SCV, Bunker  
  63  5:06  SCV, Marine  
  65  5:10  SCV  
  65  5:12  Marine  
  65  5:13  Supply Depot, Refinery, Marine  
  68  5:18  SCV, Engineering Bay  
  67  5:22  SCV  
  67  5:23  Supply Depot  
  67  5:27  Siege Tank  
  71  5:30  SCV  
  71  5:31  Marine  
  71  5:32  Marine  
  71  5:34  Refinery, Stimpack  
  74  5:37  Marauder  
  74  5:41  SCV  
  75  5:43  SCV, Marine  
  65  5:51  Marine  
  65  5:53  Viking, SCV  
  65  5:55  Marine  
  64  5:57  SCV  
  64  6:00  Marine  
  64  6:02  Marine  
  63  6:05  SCV  
  63  6:08  Marine  
  63  6:09  SCV  
  65  6:13  Marine  
  65  6:17  SCV, Marine  
  65  6:21  SCV, Siege Tank  
  65  6:22  Marine  
  70  6:26  Marine  
  70  6:29  SCV  
  70  6:31  Marine  
  72  6:33  SCV  
  72  6:37  Marauder  
  73  6:42  SCV, Engineering Bay  
  73  6:45  Marine x2  
  73  6:46  SCV  
  77  6:49  Marine  
  77  6:51  Supply Depot  
  77  6:54  Supply Depot, SCV  
  79  6:57  Siege Tank  
  79  6:58  SCV  
  79  6:59  Starport Reactor  
  83  7:05  Marauder  
  83  7:06  SCV  
  86  7:11  Supply Depot, Terran Infantry Weapons Level 1  
  84  7:16  Marine x2  
  86  7:27  SCV  
  86  7:29  Command Center  
  84  7:30  Combat Shield  
  84  7:36  Marine x2  
  86  7:37  Factory Reactor  
  86  7:39  Medivac  
  86  7:40  Medivac  
  92  7:44  Marauder  
  92  7:46  Marauder  
  92  7:51  Barracks  
  94  7:53  Barracks  
  94  7:56  Concussive Shells  
  94  7:57  Marine x2  
  96  8:01  SCV x2  
  98  8:05  Supply Depot  
  98  8:06  Marauder  
  98  8:11  Medivac x2  
  104  8:15  Widow Mine x2  
  104  8:18  Marine  
  104  8:19  Marine  
  110  8:24  Marauder  
  112  8:28  Supply Depot, SCV x2  
  112  8:31  Marauder  
  116  8:37  Supply Depot  
  116  8:38  Marine  
  116  8:39  Marine  
  118  8:42  Barracks Tech Lab, Barracks Reactor  
  118  8:47  Widow Mine x2  
  122  8:52  Medivac x2  
  128  8:55  Marauder  
  128  8:58  Orbital Command  
  128  8:59  Marine  
  128  9:00  Marine  
  130  9:03  Marauder  
  130  9:05  Marauder  
  134  9:10  Terran Infantry Armor Level 1  
  134  9:13  SCV  
  134  9:15  SCV  
  132  9:17  Marauder  
  132  9:23  Marine x2  
  130  9:25  SCV, Marauder  
  130  9:29  Orbital Command  
  130  9:32  Marauder  
  130  9:33  SCV  
  130  9:38  Marauder  
  135  9:41  Widow Mine x2  
  135  9:42  Marine x3  
  135  9:44  Marine  
  138  9:45  SCV  
  138  9:48  SCV  
  138  9:52  Marine  
  141  9:56  SCV  
  141  9:58  SCV, Marauder  
  144  10:02  Supply Depot, SCV, Widow Mine  
  144  10:05  Marine x2  
  144  10:06  Marine  
  150  10:10  Widow Mine  
  150  10:13  Medivac  
  144  10:15  Medivac  
  144  10:16  Marauder  
  144  10:17  Marine  
  143  10:21  Marauder  
  143  10:22  Marauder  
  143  10:27  Marine  
  136  10:29  Marine  
  136  10:33  Marine  
  136  10:34  Widow Mine x2  
  141  10:35  Marine  
  141  10:36  SCV x2  
  141  10:37  Marauder  
  141  10:41  SCV  
  143  10:43  Marauder  
  143  10:46  Medivac  
  143  10:47  Marine  
  143  10:48  SCV, Marauder  
  140  10:53  Marine  
  140  10:54  Marine x2  
  140  10:57  SCV  
  140  10:59  SCV  
  140  11:01  SCV  
  140  11:02  Refinery  
  140  11:03  Refinery  
Tags
 
Add a new tag
Caveats
  • Supply blocks, unpowered buildings, or Contaminate may cause inaccurate times.
  • Supply counts are checked every 10 seconds.